 Dungeon Crawl Stone Soup version 0.26.1-2-gb8aa6d0cf2 (webtiles) character file.

Game seed: 5554227140421942566

168 funkygono the Stinger (level 5, -3/31 HPs)
             Began as an Octopode Venom Mage on Mar 14, 2021.
             Slain by a phantom (8 damage)
             ... on level 4 of the Dungeon.
             The game lasted 00:07:59 (4183 turns).

funkygono the Stinger (Octopode Venom Mage)         Turns: 4183, Time: 00:08:00

Health: -3/31      AC:  1    Str:  8    XL:     5   Next: 49%
Magic:  3/9        EV: 13    Int: 18    God:
Gold:   204        SH:  0    Dex: 12    Spells: 0/9 levels left

rFire    . . .     SeeInvis .   e - +0 mace
rCold    . . .     Faith    .   (no shield)
rNeg     . . .     Spirit   .   (helmet restricted)
rPois    +         Reflect  .   (no amulet)
rElec    .         Harm     .   b - ring of poison resistance
rCorr    .         Rampage  .   k - ring of flight
Will     .....                  (no ring)
Stlth    +++.......             (no ring)
HPRegen  0.10/turn              (no ring)
MPRegen  0.11/turn              (no ring)
                                (no ring)
                                (no ring)

@: no status effects
A: almost no armour, stealthy swim, amphibious, 8 rings, constrict 8, camouflage
1, gelatinous body 1
a: Evoke Flight


You were on level 4 of the Dungeon.
You visited 1 branch of the dungeon, and saw 4 of its levels.

You collected 204 gold pieces.

Inventory:

Hand Weapons
 e - a +0 mace (weapon)
 m - a +0 whip
Jewellery
 b - a ring of poison resistance (left tentacle)
 k - a ring of flight (right tentacle)
Scrolls
 a - 2 scrolls of amnesia
 f - 2 scrolls of remove curse
 h - a scroll of teleportation
Potions
 c - a potion of magic {unknown}
 d - a potion of heal wounds {unknown}
 g - a potion of might {unknown}
 i - 2 potions of attraction
 j - a potion of haste {unknown}
 o - 2 potions of mutation {unknown}
 p - a potion of brilliance {unknown}


   Skills:
 + Level 2.1 Dodging
 + Level 2.9 Stealth
 * Level 2.9 Spellcasting
 * Level 2.1 Transmutations
 * Level 0.5 Fire Magic
 * Level 2.2 Air Magic
 * Level 5.0 Poison Magic


You couldn't memorise any spells.
You knew the following spells:

 Your Spells              Type           Power        Failure   Level
a - Sting                 Tmut/Pois      60%          3%          1
b - Poisonous Vapours     Pois/Air       30%          5%          2
c - Ignite Poison         Fire/Tmut/Pois 11%          17%         3
d - Mephitic Cloud        Conj/Pois/Air  11%          19%         3

Your spell library contained the following spells:

 Spells                   Type           Power        Failure   Level
 Olgreb's Toxic Radiance  Pois           20%          21%         4


Dungeon Overview and Level Annotations

Branches:
Dungeon (4/15)
 Temple: D:4-7

Altars:
Trog
Xom
Zin


Innate Abilities, Weirdness & Mutations

You cannot wear most types of armour.
You are very stealthy in the water. (Stealth+)
You are amphibious.
You can wear up to eight rings at the same time.
You can use your tentacles to constrict eight enemies at once.
Your skin changes colour to match your surroundings (Stealth+).
Your rubbery body absorbs attacks. (AC +1, EV +1)


Message History

Aim: a phantom (heavily damaged, 36% to evade)
The sting hits the phantom.
The phantom partially resists.
The phantom is heavily damaged.
Casting: Sting (safe; 3% risk of failure)
Confirm with . or Enter, or press ? or * to list all spells.
Aiming: Sting (safe; 3% risk of failure)
Press: ? - help, Shift-Dir - straight line, f/p - phantom
Aim: a phantom (heavily damaged, 36% to evade)
The sting hits the phantom.
The phantom is heavily damaged.
The phantom closely misses you.
Casting: Sting (safe; 3% risk of failure)
Confirm with . or Enter, or press ? or * to list all spells.
Aiming: Sting (safe; 3% risk of failure)
Press: ? - help, Shift-Dir - straight line, f/p - phantom
Aim: a phantom (heavily damaged, 36% to evade)
The sting hits the phantom but does no damage.
The phantom is heavily damaged.
The phantom hits you!
You die...

###############
#....W@.......#
#.###########.##
#.########.....##
................###
#.#####.##.........<
#.###.....#### #.#
#........
#####.###...#####
.......<....#


You could see a phantom.

Vanquished Creatures
  An orc priest (D:3)
  4 adders
  An ooze (D:1)
  3 worms
  5 dart slugs
  A leopard gecko (D:1)
  5 orcs (D:3)
  5 giant cockroaches
  4 goblins
  11 hobgoblins
  4 jackals (D:2)
  7 kobolds
  2 quokkas (D:2)
  8 bats
  6 frilled lizards
  7 rats
74 creatures vanquished.

Notes
Turn   | Place    | Note
-------+----------+-------------------------------------------
     0 | D:1      | funkygono the Octopode Venom Mage began the quest for the
                  | Orb.
     0 | D:1      | Reached XP level 1. HP: 11/11 MP: 3/3
   148 | D:1      | Reached skill level 4 in Poison Magic
   169 | D:1      | Reached XP level 2. HP: 17/17 MP: 0/5
   172 | D:1      | Learned a level 2 spell: Poisonous Vapours
   914 | D:1      | Reached XP level 3. HP: 21/21 MP: 0/6
  1243 | D:1      | Learned a level 3 spell: Ignite Poison
  1850 | D:2      | Reached XP level 4. HP: 25/27 MP: 1/7
  1992 | D:2      | Found a bloodstained altar of Trog.
  2205 | D:2      | Reached skill level 1 in Air Magic
  2407 | D:2      | Found a glowing silver altar of Zin.
  2564 | D:2      | Found a shimmering altar of Xom.
  3364 | D:3      | Reached XP level 5. HP: 29/31 MP: 0/9
  3368 | D:3      | Learned a level 3 spell: Mephitic Cloud
  3858 | D:3      | Reached skill level 5 in Poison Magic
  4164 | D:4      | Noticed a phantom
  4183 | D:4      | Slain by a phantom

Illustrated notes

Levels and vault maps discovered:
D:1:      minmay_arrival_diagonal_passages, layout_basic
D:2:      layout_loops_ring, bloody_trog, xom_teletrap_fun, marbit_many_paths
D:3:      layout_basic
D:4:      kb_forest_paths, layout_loops_ring

Skill      XL: |  1  2  3  4  5 |
---------------+----------------+-----
Poison Magic   | 4 5 |  5.0
Air Magic      | 1 2 |  2.2
Transmutations | 2 |  2.1
Dodging        | |  2.1
Stealth        | |  2.9
Spellcasting   | |  2.9
Fire Magic     | |  0.5

Action                   |  1- 3 |  4- 6 || total
-------------------------+-------+-------++-------
Melee: Mace              |     2 |    10 ||    12
       Constrict         |     1 |       ||     1
 Cast: Sting             |    30 |    47 ||    77
       Poisonous Vapours |    26 |    37 ||    63
       Ignite Poison     |       |     1 ||     1
  Use: Scroll            |     3 |     6 ||     9
Armor: Skin              |     6 |     2 ||     8
Dodge: Dodged            |    21 |    18 ||    39
